 Dungeon Crawl Stone Soup version 0.28.0-53-g5a82cb258f (webtiles) character file.

Game seed: 14871138551631831035

6023 issech the Basher (level 10, -2/81 HPs)
             Began as a Minotaur Monk on June 10, 2022.
             Was a Believer of Hepliaklqana.
             Slain by a basilisk (6 damage)
             ... on level 9 of the Dungeon.
             The game lasted 00:34:40 (11131 turns).

issech the Basher (Minotaur Monk)                  Turns: 11131, Time: 00:34:41

Health: -2/81      AC: 12    Str: 16    XL:     10   Next: 56%
Magic:  9/9        EV: 17    Int:  7    God:    Hepliaklqana [**....]
Gold:   516        SH:  0    Dex: 17    Spells: 9/9 levels left

rFire   . . .      SeeInvis .   L - +4 dire flail (vorpal)
rCold   . . .      Faith    .   (shield currently unavailable)
rNeg    . . .      Spirit   .   Q - +0 swamp dragon scales
rPois   +          Reflect  .   (helmet restricted)
rElec   .          Harm     .   q - +0 cloak
rCorr   .          Rampage  .   (no gloves)
Will    .....                   o - +0 pair of boots
Stlth   ++........              (no amulet)
HPRegen 0.23/turn               z - +4 ring of evasion
MPRegen 0.11/turn               J - ring of poison resistance

@: about to teleport
A: reduced essence, horns 2, retaliatory headbutt
a: Renounce Religion, Recall Ancestor, Ancestor Identity


You were on level 9 of the Dungeon.
You worshipped Hepliaklqana.
Hepliaklqana was pleased with you.
You visited 2 branches of the dungeon, and saw 10 of its levels.

You collected 516 gold pieces.

Inventory:

Hand Weapons
 r - a +3 quarterstaff of chaos
 s - the +3 mace of Propriety {freeze, Str+2 Int+2}
   (You found it on level 3 of the Dungeon)

   It freezes those it strikes, dealing additional cold damage.
   It can also slow down cold-blooded creatures.
   Str:       It affects your strength (+2).
   Int:       It affects your intelligence (+2).
 u - a +3 long sword of freezing
 A - a +0 longbow
 L - a +4 vorpal dire flail (weapon)
 P - a +0 halberd of draining
 W - a +3 halberd
 X - a +5 hand axe
Missiles
 b - 29 bolts
 e - 244 stones (quivered)
 f - 195 arrows
 k - 42 sling bullets
 w - 9 poisoned darts
 x - 2 atropa-tipped darts
 R - a throwing net
 U - 4 silver javelins
Armour
 l - a +0 buckler
 o - a +0 pair of boots (worn)
 q - a +0 cloak (worn)
 Q - +0 swamp dragon scales (worn)
 Y - a +0 plate armour
Jewellery
 a - a ring of resist corrosion
 z - a +4 ring of evasion (left hand)
 E - a ring of ice
 J - a ring of poison resistance (right hand)
Wands
 B - a wand of flame (26)
 K - a wand of digging (6)
 Z - a wand of charming (25)
Scrolls
 c - a scroll of fog {unknown}
 g - 3 scrolls of amnesia {unknown}
 h - a scroll of teleportation
 j - 2 scrolls of noise
 n - 2 scrolls of enchant weapon {unknown}
 t - 3 scrolls of immolation
 y - a scroll of enchant armour {unknown}
 C - a scroll of blinking {unknown}
 F - 2 scrolls of vulnerability {unknown}
 H - 4 scrolls of identify {unknown}
Potions
 d - a potion of lignification {unknown}
 i - 7 potions of curing {unknown}
 m - 3 potions of heal wounds {unknown}
 p - a potion of magic {unknown}
 v - a potion of flight {unknown}
 D - a potion of mutation {unknown}
 G - 3 potions of degeneration {unknown}
 M - a potion of resistance {unknown}
 N - a potion of might {unknown}


   Skills:
 + Level 8.4 Fighting
 + Level 7.9 Long Blades
 + Level 5.3(8.2) Axes
 + Level 9.7(10.3) Maces & Flails
 + Level 2.5 Bows
 + Level 9.4 Armour
 + Level 5.5 Dodging
 + Level 2.8 Stealth


You had 9 spell levels left.
You didn't know any spells.
Your spell library contained the following spells:

 Spells                   Type           Power      Damage    Failure   Level
 Magic Dart               Conj           0%         1d3       61%         1
 Searing Ray              Conj           0%         2d4       75%         2
 Animate Armour           Summ/Erth      0%         N/A       100%        4
 Fulminant Prism          Conj/Hex       0%         3d6       100%        4
 Blade Hands              Tmut           0%         N/A       100%        5
 Iron Shot                Conj/Erth      0%         9d1       100%        6


Dungeon Overview and Level Annotations

Branches:
Dungeon (9/15)             Temple (1/1) D:7
   Lair: D:8-11         Orc: D:9-12

Altars:
Ashenzari
Cheibriados
Dithmenos
Elyvilon
Fedhas
Gozag
Hepliaklqana
Kikubaaqudgha
Makhleb
Okawaru
Qazlal
Ru
Sif Muna
Trog
Uskayaw
Vehumet
Wu Jian
Xom
Yredelemnul
Zin
The Shining One

Portals:
Bailey: D:9


Innate Abilities, Weirdness & Mutations

Your life essence is reduced to manifest your ancestor. (-10% HP)
You have a pair of horns on your head.
You reflexively headbutt those who attack you in melee.


Message History

An orc comes into view. It is wielding a +0 hand axe.
The yak gores you!
The orc shouts!
You hear a trumpeting!
You hear a bellow!
The basilisk gazes at you. The yak gores you!
You hear a shout!
The basilisk gazes at you. The yak gores you but does no damage.
The basilisk bites you.
* * * LOW HITPOINT WARNING * * *
The yak gores you!
* * * LOW HITPOINT WARNING * * *
The basilisk bites you!
* * * LOW HITPOINT WARNING * * *
The yak gores you.
* * * LOW HITPOINT WARNING * * *
A yak comes into view.
The orc priest looks braver for a moment.
The basilisk bites you.
* * * LOW HITPOINT WARNING * * *
An elephant comes into view.
The yak gores you but does no damage.
The basilisk bites you but does no damage.
The yak gores you!
* * * LOW HITPOINT WARNING * * *
The basilisk gazes at you. The yak gores you.
* * * LOW HITPOINT WARNING * * *
The basilisk bites you.
* * * LOW HITPOINT WARNING * * *
The yak snorts and paws the ground.
The yak gores you but does no damage.
You turn to flesh and can move again.
As you read the scroll of teleportation, it crumbles to dust.
You feel strangely unstable.
The yak bellows!
The basilisk hisses menacingly.
The basilisk bites you.
You die... #. ##### .# #Y #... ..# ##.Y #.∩. ..# ..YYY

(.. ≈..#
.Y..≈##Y##≈..###
#..≈≈≈Y≈≈≈..... .
#.........#
....#########Y#####


..oYocl@YYYYYc# .##.########### You could see an elephant, 6 yaks, a basilisk, 2
centaurs, an orc priest and an orc.

Vanquished Creatures
  A deep elf pyromancer (D:8)
  Maggie (D:6)
  A troll (D:6)
  A hornet (D:7)
  Grinder (D:6)
  4 yaks (D:9)
  The ghost of issech the Chopper, an amateur MiMo (D:4)
  A steam dragon (D:6)
  Edmund (D:6)
  5 water moccasins
  An ice beast (D:5)
  An orc warrior (D:7)
  A sky beast (D:6)
  4 centaurs
  2 ogres
  Blork the orc (D:6)
  A bullfrog (D:7)
  3 scorpions
  2 water moccasin zombies
  A water moccasin skeleton (D:6)
  13 wights
  5 orc priests
  Crazy Yiuf (D:3)
  A gnoll shaman (D:5)
  A jelly (D:6)
  A bullfrog skeleton (D:4)
  4 iguanas
  Natasha (thrice) (D:4)
  11 orc wizards
  2 killer bee zombies (D:7)
  Robin (D:3)
  11 adders
  14 gnolls
  A shadow imp (D:4)
  2 white imps
  An ufetubus (D:5)
  An adder skeleton (D:4)
  4 worms
  25 orcs
  3 bats
  9 endoplasms
  2 giant cockroaches
  11 goblins
  6 hobgoblins
  3 quokkas
  9 ball pythons
  7 kobolds
  3 rats
189 creatures vanquished.

Vanquished Creatures (collateral kills)
  An acid dragon (D:8)
  A centaur (D:8)
  A gnoll sergeant (D:8)
  2 bullfrog skeletons (D:4)
  A gnoll (D:8)
  3 orcs (D:8)
9 creatures vanquished.

Vanquished Creatures (others)
  A battlemage (D:9)
  A plant (D:9)
2 creatures vanquished.

Grand Total: 200 creatures vanquished

Notes
Turn   | Place    | Note
-------+----------+-------------------------------------------
     0 | D:1      | issech the Minotaur Monk began the quest for the Orb.
     0 | D:1      | Reached XP level 1. HP: 19/19 MP: 0/0
   563 | D:1      | Reached XP level 2. HP: 27/27 MP: 1/1
  1346 | D:2      | Reached XP level 3. HP: 31/33 MP: 2/2
  1353 | D:2      | Reached skill level 1 in Armour
  1502 | D:2      | Reached XP level 4. HP: 21/40 MP: 3/3
  2488 | D:3      | Found a faded altar of an unknown god.
  2496 | D:3      | Noticed Robin
  2497 | D:3      | Reached skill level 5 in Axes
  2504 | D:3      | Killed Robin
  2637 | D:3      | Found a basalt altar of Yredelemnul.
  2824 | D:2      | Reached XP level 5. HP: 45/47 MP: 4/4
  2948 | D:3      | Found a runed translucent door.
  2949 | D:3      | Noticed Crazy Yiuf
  2955 | D:3      | Killed Crazy Yiuf
  2956 | D:3      | Reached skill level 1 in Long Blades
  2964 | D:3      | Identified the +3 mace of Propriety {freeze, Str+2 Int+2}
  3453 | D:3      | Reached skill level 5 in Fighting
  3796 | D:4      | Reached XP level 6. HP: 47/56 MP: 5/5
  3850 | D:4      | Noticed Natasha
  3857 | D:4      | Killed Natasha
  3932 | D:4      | Noticed Natasha
  3941 | D:4      | Killed Natasha
  4160 | D:4      | Reached skill level 5 in Armour
  4292 | D:4      | Found a transporter.
  4316 | D:4      | Found a transporter.
  4319 | D:4      | Noticed issech's ghost (amateur MiMo)
  4340 | D:4      | Reached XP level 7. HP: 42/61 MP: 6/6
  4557 | D:4      | Noticed Natasha
  4566 | D:4      | Killed Natasha
  5043 | D:5      | Entered Level 5 of the Dungeon
  5637 | D:5      | Reached skill level 5 in Long Blades
  5768 | D:5      | Reached XP level 8. HP: 64/70 MP: 7/7
  5926 | D:6      | Noticed Blork the orc
  5931 | D:6      | Killed Blork the orc
  5961 | D:6      | Noticed Edmund
  5972 | D:6      | Killed Edmund
  6141 | D:6      | Noticed Grinder
  6174 | D:6      | Killed Grinder
  6175 | D:6      | Reached skill level 1 in Maces & Flails
  6602 | D:6      | Noticed a troll
  7143 | D:6      | Killed a troll
  7144 | D:6      | Reached XP level 9. HP: 35/78 MP: 8/8
  7516 | D:6      | Reached skill level 1 in Bows
  7837 | D:6      | Noticed Maggie
  7847 | D:6      | Killed Maggie
  7848 | D:6      | Reached skill level 5 in Maces & Flails
  8745 | D:7      | Reached XP level 10. HP: 88/88 MP: 9/9
  9068 | D:7      | Found a staircase to the Ecumenical Temple.
  9102 | Temple   | Entered the Ecumenical Temple
  9157 | Temple   | Became a worshipper of Hepliaklqana the Forgotten
  9157 | Temple   | Reached * piety under Hepliaklqana
  9157 | Temple   | Reached ** piety under Hepliaklqana
  9158 | Temple   | Remembered your ancestor Ahmose as a battlemage
  9736 | D:4      | Killed issech's ghost
  9980 | D:8      | Noticed a deep elf pyromancer
  9990 | D:8      | Killed a deep elf pyromancer
  9991 | D:8      | Reached skill level 5 in Dodging
 11068 | D:9      | Found a flagged portal.
 11127 | D:9      | Noticed an elephant
 11130 | D:9      | HP: 4/81 [basilisk (2)]
 11131 | D:9      | Slain by a basilisk

Illustrated notes

Levels and vault maps discovered:
D:1:      beargit_arrival_greenhouse, layout_loops_corners, serial_rivers,
          chequers_serial_rivers_micro_c, chequers_serial_rivers_micro_a,
          chequers_serial_rivers_small_3, chequers_serial_rivers_marsh,
          chequers_serial_rivers_room_a, chequers_serial_rivers_room_b
D:2:      layout_loops_corners
D:3:      layout_basic, yredelemnul_altar_generic,
          ebering_ecumenical_altar_mist, minmay_statues_item,
          minmay_misc_feat_roman, uniq_crazy_yiuf_cottage, uniq_robin
D:4:      layout_basic, gammafunk_ghost_mausoleum, uniq_natasha
D:5:      layout_basic
D:6:      layout_loops_ring, uniq_maggie, uniq_grinder, uniq_edmund,
          uniq_blork_the_orc
D:7:      layout_loops_ring, lemuel_temple_firewalk_b
D:8:      layout_loops_cross, kennysheep_generic_room_3
D:9:      layout_loops_ring, david_lair_generic, hellmonk_ghost_big_iron,
          enter_bailey_3
Temple:   mainiacjoe_temple_big_plus

Skill      XL: |  1  2  3  4  5  6  7  8  9 10 |
---------------+-------------------------------+-----
Fighting       | 4 5 6 7 8 |  8.4
Axes           | 4 5 |  5.3
Armour         | 1 3 5 6 7 9 |  9.4
Dodging        | 4 5 |  5.5
Long Blades    | 1 3 5 7 |  7.9
Maces & Flails | 3 7 9 |  9.7
Stealth        | 2 |  2.8
Bows           | 2 |  2.5

Action                   |  1- 3 |  4- 6 |  7- 9 | 10-12 || total
-------------------------+-------+-------+-------+-------++-------
Melee: Hand axe          |    71 |    18 |       |       ||    89
       Headbutt          |    10 |    22 |    53 |    20 ||   105
       Great sword       |       |   126 |    80 |       ||   206
       Dire flail        |       |       |   176 |    82 ||   258
 Fire: Longbow           |       |       |    14 |       ||    14
Invok: Ancestor Life: Ba |       |       |       |     1 ||     1
  Use: Scroll            |       |       |       |     4 ||     4
 Stab: Distracted        |       |       |       |     1 ||     1
Armor: Plate armour      |    58 |   121 |   119 |       ||   298
       Swamp dragon scal |       |       |    26 |    29 ||    55
Dodge: Dodged            |    14 |    73 |   193 |    61 ||   341
